[Event "FIDE World Rapid Chess Championship 2021"]
[White "Narayanan.S.L, "]
[Black "Heimann, Andreas"]
[WhiteFideId "5058422"]
[BlackFideId "24624632"]
[WhiteElo "2482"]
[BlackElo "2616"]
[Result "1/2-1/2"]
[Round "10"]
[TimeControl "900+10"]
[Date "2021.12.28"]
[WhiteClock "0:00:40"]
[BlackClock "0:01:56"]

1. e4 e5 2. Nf3 Nc6 3. Bc4 Nf6 4. d3 Bc5 5. Nc3 d6 6. Na4 Bb6 7. a3 h6 8. O-O O-O 9. Re1 Be6 10. Nxb6 axb6 11. Bxe6 fxe6 12. c3 Qe8 13. d4 exd4 14. cxd4 Qh5 15. h3 d5 16. exd5 exd5 17. Bf4 Qf7 18. Ne5 Nxe5 19. Bxe5 Rae8 20. Qb3 Ne4 21. f3 Nd2 22. Qc3 Nc4 23. Bg3 Qd7 24. b3 Nd6 25. a4 c6 26. Qb4 Nf5 27. Bf2 Qc7 28. Rxe8 Rxe8 29. Re1 Rxe1+ 30. Qxe1 Kf7 31. g4 Ne7 32. Bg3 Qd7 33. Qb4 Nc8 34. Kf2 Qd8 35. Qd2 c5 36. Qf4+ Qf6 37. Qxf6+ Kxf6 38. Ke3 Ke6 39. Bc7 g6 40. a5 cxd4+ 41. Kxd4 bxa5 42. Bxa5 b6 43. Bd2 h5 44. Ke3 Ne7 45. Kf4 Nc6 46. Be1 Nd4 47. Bf2 Nxb3 48. Bxb6 d4 49. gxh5 gxh5 50. Bxd4 Nxd4 51. Kg5 Nxf3+ 52. Kxh5 Kf5 53. h4 Nxh4 54. Kxh4 Ke5 1/2-1/2


[Site "http://www.Chess.com"]

[Event "FIDE World Rapid Chess Championship 2021"]
[White "Dudin, Gleb"]
[Black "Efimenko, Zahar"]
[WhiteFideId "34184934"]
[BlackFideId "14107201"]
[WhiteElo "2247"]
[BlackElo "2609"]
[Result "1/2-1/2"]
[Round "10"]
[TimeControl "900+10"]
[Date "2021.12.28"]
[WhiteClock "0:00:21"]
[BlackClock "0:00:33"]

1. d4 Nf6 2. c4 e6 3. Nf3 b6 4. a3 Bb7 5. Nc3 Ne4 6. Nxe4 Bxe4 7. Bf4 Be7 8. e3 O-O 9. Bd3 Bxd3 10. Qxd3 d6 11. O-O Nd7 12. Bg3 a5 13. b4 Qc8 14. Nd2 Qb7 15. h3 h6 16. Rfc1 axb4 17. axb4 Ra7 18. Ne4 Rxa1 19. Rxa1 Ra8 20. Rb1 Nf6 21. Nxf6+ Bxf6 22. c5 bxc5 23. bxc5 Qd5 24. Rc1 e5 25. cxd6 cxd6 26. Qf5 Qa5 27. dxe5 dxe5 28. Kh2 Re8 29. Rc6 Qd8 30. Ra6 Qe7 31. Qe4 g6 32. Qd5 Rd8 33. Qa5 Re8 34. Qa2 e4 35. Qa4 Be5 36. Qc4 Bxg3+ 37. fxg3 Kg7 38. Qd4+ 1/2-1/2


[Site "http://www.Chess.com"]

[Event "FIDE World Rapid Chess Championship 2021"]
[White "Adly, Ahmed"]
[Black "Fridman, Daniel"]
[WhiteFideId "10601619"]
[BlackFideId "11600454"]
[WhiteElo "2597"]
[BlackElo "2542"]
[Result "1/2-1/2"]
[Round "10"]
[TimeControl "900+10"]
[Date "2021.12.28"]
[WhiteClock "0:00:21"]
[BlackClock "0:00:32"]

1. Nf3 d5 2. g3 Nf6 3. Bg2 c5 4. O-O Nc6 5. d4 e6 6. c4 dxc4 7. Ne5 Bd7 8. Na3 cxd4 9. Naxc4 Be7 10. Qb3 Qc7 11. Nxc6 Bxc6 12. Bf4 Qd8 13. Bxc6+ bxc6 14. Rfd1 c5 15. Be5 O-O 16. e3 Nd5 17. exd4 f6 18. Bf4 Nxf4 19. gxf4 cxd4 20. Ne3 Qd7 21. Nc2 Rab8 22. Rxd4 Qc6 23. Qc4 Qxc4 24. Rxc4 Rxb2 25. Nd4 Rd8 26. Nxe6 Rdd2 27. Rc7 Kf7 28. Nxg7 Kxg7 29. Rxe7+ Kh6 30. Rf1 Rxa2 31. Kg2 Rd4 32. Kg3 Ra3+ 33. f3 Ra2 34. Rf2 Rxf2 35. Kxf2 a5 36. Ra7 Rd5 37. Kg3 Kg6 38. Ra6 h5 39. Ra8 Kf7 40. Ra6 Ke7 41. h4 f5 42. Rh6 a4 43. Ra6 Rd4 44. Ra5 Ke6 45. Re5+ Kf6 46. Ra5 Rc4 47. Ra6+ Ke7 48. Ra5 Ke6 49. Re5+ Kf6 50. Ra5 Rd4 51. Ra6+ Ke7 52. Ra5 Ke6 53. Re5+ Kf6 1/2-1/2


[Site "http://www.Chess.com"]

[Event "FIDE World Rapid Chess Championship 2021"]
[White "Socko, Bartosz"]
[Black "Sargsyan, Shant"]
[WhiteFideId "1107038"]
[BlackFideId "13306766"]
[WhiteElo "2562"]
[BlackElo "2344"]
[Result "0-1"]
[Round "10"]
[TimeControl "900+10"]
[Date "2021.12.28"]
[WhiteClock "0:00:22"]
[BlackClock "0:00:47"]

1. d4 Nf6 2. c4 e6 3. g3 d5 4. Bg2 Bb4+ 5. Nd2 O-O 6. Nf3 dxc4 7. Qc2 a5 8. a3 Bxd2+ 9. Bxd2 b5 10. a4 c6 11. O-O Bb7 12. Rfd1 Nbd7 13. b3 cxb3 14. Qxb3 b4 15. Rac1 Qe7 16. Bg5 c5 17. Bxf6 gxf6 18. Qe3 c4 19. Rxc4 Nb6 20. Rc5 Nd5 21. Qh6 Rfc8 22. Nd2 Rxc5 23. dxc5 Qf8 24. Qh4 Qxc5 25. Ne4 Qc2 26. Re1 Qb2 27. Nd6 Qd2 28. Rf1 Bc6 29. Ne4 Qb2 30. Rd1 f5 31. Rxd5 Qb1+ 32. Bf1 Qxe4 33. Rd8+ Rxd8 34. Qxd8+ Kg7 35. Qg5+ Kf8 36. Qd8+ Be8 37. Qxa5 b3 38. Qc5+ Kg8 39. Qc8 b2 40. Qxe8+ Kg7 41. Qe7 h6 42. f3 Qd4+ 43. Kg2 b1=Q 0-1


[Site "http://www.Chess.com"]

[Event "FIDE World Rapid Chess Championship 2021"]
[White "Babazada, Khazar"]
[Black "Corrales Jimenez, Fidel"]
[WhiteFideId "13413554"]
[BlackFideId "3506690"]
[WhiteElo "2170"]
[BlackElo "2561"]
[Result "1-0"]
[Round "10"]
[TimeControl "900+10"]
[Date "2021.12.28"]
[WhiteClock "0:02:13"]
[BlackClock "0:02:34"]

1. e4 c5 2. Nf3 d6 3. d4 cxd4 4. Nxd4 Nf6 5. Nc3 a6 6. h3 e5 7. Nde2 h5 8. Bg5 Be7 9. Ng3 g6 10. Bd3 Be6 11. O-O Nbd7 12. Qd2 h4 13. Nge2 Nh5 14. Bxe7 Qxe7 15. Qe3 Rc8 16. Rad1 Kf8 17. f4 exf4 18. Nxf4 Nxf4 19. Qxf4 Kg7 20. Ne2 Ne5 21. Nd4 b5 22. Rf2 Bc4 23. Bxc4 Rxc4 24. c3 Rh5 25. Nc2 a5 26. Ne3 Rc5 27. Nd5 Qg5 28. Qxg5 Rxg5 29. Nf6 b4 30. cxb4 axb4 31. Rxd6 Rg3 32. Rd8 Nd3 33. Rg8+ Kh6 34. Rh8+ Kg5 35. Nh7+ Kh6 36. Rxf7 Rc1+ 37. Kh2 Rc2 38. Nf8+ 1-0


[Site "http://www.Chess.com"]

[Event "FIDE World Rapid Chess Championship 2021"]
[White "Ghaem Maghami, Ehsan"]
[Black "Suleymanli, Aydin"]
[WhiteFideId "12500739"]
[BlackFideId "13413937"]
[WhiteElo "2553"]
[BlackElo "2202"]
[Result "1-0"]
[Round "10"]
[TimeControl "900+10"]
[Date "2021.12.28"]
[WhiteClock "0:00:58"]
[BlackClock "0:01:12"]

1. d4 d5 2. Nf3 Nf6 3. c4 e6 4. Bg5 c6 5. Nbd2 Nbd7 6. e3 h6 7. Bh4 g5 8. Bg3 Nh5 9. Bd3 Nxg3 10. hxg3 Bg7 11. cxd5 exd5 12. Qc2 a5 13. Bf5 a4 14. a3 O-O 15. O-O Re8 16. Rfe1 Nf8 17. Bxc8 Qxc8 18. Nb1 Ne6 19. Nc3 c5 20. Nxd5 cxd4 21. Qf5 Qd8 22. e4 Nf8 23. Rac1 Ra5 24. Rc4 Ng6 25. Rec1 Qd6 26. Nxd4 Ne5 27. Rc8 Ra8 28. R8c7 Kh8 29. Rxb7 Rf8 30. Nb5 Qa6 31. Rb6 Qa5 32. Nbc3 Ng6 33. Rb7 Qc5 34. Rxf7 Rxf7 35. Qxf7 Ne5 36. Qe7 Qd4 37. Ne3 Nd3 38. Rf1 Qc5 39. Qxc5 Nxc5 40. Ned5 Rb8 41. Nb4 Re8 42. Rd1 Kg8 43. f3 Be5 44. Kf2 Rf8 45. Nd3 Bxc3 46. Nxc5 Bxb2 47. Nxa4 Bxa3 48. Rd3 Bb4 49. Rb3 Ba5 50. Rb5 Ra8 51. Nb6 Ra6 52. Nd5 Bd2 53. Rb2 Bc1 54. Rc2 Ba3 55. f4 Kf7 56. Kf3 Bd6 57. e5 1-0


[Site "http://www.Chess.com"]

[Event "FIDE World Rapid Chess Championship 2021"]
[White "Howell, David W L"]
[Black "Kosakowski, Jakub"]
[WhiteFideId "410608"]
[BlackFideId "1185080"]
[WhiteElo "2624"]
[BlackElo "2304"]
[Result "1-0"]
[Round "10"]
[TimeControl "900+10"]
[Date "2021.12.28"]
[WhiteClock "0:00:37"]
[BlackClock "0:00:48"]

1. c4 e6 2. g3 Nf6 3. Bg2 d5 4. Nf3 dxc4 5. Qa4+ Nbd7 6. Qxc4 a6 7. Qb3 c5 8. a4 Be7 9. a5 O-O 10. d3 Nd5 11. Nc3 Nb4 12. O-O b5 13. axb6 Bb7 14. Be3 Nxb6 15. Rfc1 a5 16. Na4 Bd5 17. Qd1 Nxa4 18. Qxa4 Qb6 19. Ne5 Rfc8 20. Bxd5 exd5 21. Nd7 Qa7 22. Qb5 d4 23. Bd2 Nc6 24. Nb6 Qb7 25. Rxc5 Bxc5 26. Qxc5 Qa7 27. Rc1 Qa6 28. Nxa8 Qxa8 29. Qd5 h6 30. Rc5 Qb7 31. Bxa5 Qxb2 32. Rxc6 Rxc6 33. Qxc6 Qa1+ 34. Kg2 Qxa5 35. Qe8+ Kh7 36. Qe4+ Kg8 37. Qxd4 1-0


[Site "http://www.Chess.com"]

[Event "FIDE World Rapid Chess Championship 2021"]
[White "Tari, Aryan"]
[Black "Kovalev, Vladislav"]
[WhiteFideId "1510045"]
[BlackFideId "13504398"]
[WhiteElo "2542"]
[BlackElo "2647"]
[Result "1/2-1/2"]
[Round "10"]
[TimeControl "900+10"]
[Date "2021.12.28"]
[WhiteClock "0:01:33"]
[BlackClock "0:00:08"]

1. e4 e5 2. Nf3 Nc6 3. Bb5 a6 4. Ba4 Nf6 5. Nc3 b5 6. Bb3 Bc5 7. a4 Rb8 8. O-O d6 9. Nd5 Nxd5 10. Bxd5 Nd4 11. b4 Bb6 12. Nxd4 Bxd4 13. c3 Bb6 14. d4 O-O 15. Be3 Qe8 16. a5 Ba7 17. Qd3 Bb7 18. Bxb7 Rxb7 19. Rae1 c5 20. dxc5 dxc5 21. Qd6 Qe6 22. Bxc5 Bxc5 23. Qxc5 Rc8 24. Rd1 g6 25. Qd6 Qxd6 26. Rxd6 Rxc3 27. Rxa6 Rc4 28. Rb1 Rbc7 29. f3 Rc2 30. Rb6 Ra2 31. Kh1 Rb2 32. Ra1 Rcc2 33. a6 Rxg2 34. a7 1/2-1/2


[Site "http://www.Chess.com"]

[Event "FIDE World Rapid Chess Championship 2021"]
[White "Moroni, Luca Jr"]
[Black "Riazantsev, Alexander"]
[WhiteFideId "865834"]
[BlackFideId "4125029"]
[WhiteElo "2519"]
[BlackElo "2632"]
[Result "0-1"]
[Round "10"]
[TimeControl "900+10"]
[Date "2021.12.28"]
[WhiteClock "0:00:42"]
[BlackClock "0:00:28"]

1. c4 e6 2. Nc3 d5 3. d4 Bb4 4. cxd5 exd5 5. Bf4 c6 6. e3 Bf5 7. Ne2 Ne7 8. Qb3 Qb6 9. a3 Ba5 10. Qa2 Qd8 11. b4 Bb6 12. Ng3 Be6 13. Bd3 Ng6 14. Nce2 Nd7 15. O-O O-O 16. Rac1 Re8 17. Qb2 a6 18. a4 Nf6 19. b5 cxb5 20. axb5 a5 21. Bg5 h6 22. Bxf6 Qxf6 23. Bxg6 fxg6 24. Nf4 Bf7 25. Nd3 h5 26. Ne2 h4 27. Ne5 g5 28. f4 Be6 29. Nc3 a4 30. Qa2 gxf4 31. Rxf4 Qxe5 32. dxe5 Bxe3+ 33. Kh1 d4 34. Nd5 Bxf4 35. Rc7 Bxe5 36. Rxb7 Rad8 37. Re7 Rf8 38. Qb1 Bxd5 39. Rxe5 h3 40. Kg1 hxg2 41. Rxd5 Rxd5 42. Qa2 Rd8 43. b6 Kh8 44. b7 Rb5 45. Qf2 Kg8 46. Qh4 Rb8 47. Qxd4 R5xb7 48. Qxa4 Rf7 49. Kxg2 Rf6 50. Qc4+ Kh8 51. Qh4+ Rh6 52. Qd4 Rf8 53. h4 Rg6+ 54. Kh2 Rgf6 55. Kg3 Rg6+ 56. Kh2 Re8 57. Qc4 Rge6 58. Qd5 Re5 59. Qf7 R8e7 60. Qf3 Re2+ 61. Kg1 R7e5 62. Qd3 R2e3 63. Qg6 R3e4 64. Qd6 Rh5 65. Kg2 Rhxh4 66. Kg3 Kh7 67. Qd5 Reg4+ 68. Kf3 Rf4+ 69. Ke3 Rf6 70. Qd7 Kh6 71. Qc8 Kh7 72. Qd7 Rh5 73. Qc7 Rhf5 74. Qh2+ Kg8 75. Qb8+ Rf8 76. Qb3+ Kh7 77. Qe6 Rf3+ 78. Ke2 Rf2+ 79. Ke1 R8f5 80. Qc8 g6 81. Qb7+ Rf7 82. Qh1+ Kg7 83. Qc6 R2f6 84. Qe8 g5 85. Ke2 Rf2+ 86. Ke1 R2f5 87. Qe4 Kh6 88. Qh1+ Kg6 89. Qc6+ Kg7 90. Qe4 Rf1+ 91. Ke2 R7f2+ 92. Kd3 Rf3+ 93. Ke2 R3f2+ 94. Kd3 Rf5 95. Ke2 R1f4 96. Qb7+ Kh6 97. Qh1+ Kg6 98. Qc6+ Kh5 99. Qh1+ Rh4 100. Qc6 Rh2+ 101. Ke3 Rf4 102. Qe6 Rhh4 103. Qd7 Rf6 104. Qh7+ Kg4 105. Qe4+ Rf4 106. Qg2+ Kh5 107. Qb7 Rh3+ 108. Ke2 Kh4 109. Qh7+ Kg3 110. Qd3+ Kh2 111. Qd6 Rg3 112. Qe5 Rff3 113. Qh8+ Kg2 114. Qa8 g4 115. Qe4 Kg1 116. Qb1+ Kh2 117. Qh7+ Rh3 118. Qc7+ Kg2 119. Qc6 Rh2 120. Qc1 Kg3+ 0-1


[Site "http://www.Chess.com"]

[Event "FIDE World Rapid Chess Championship 2021"]
[White "Czarnota, Pawel"]
[Black "Vidit, Santosh Gujrathi"]
[WhiteFideId "1121219"]
[BlackFideId "5029465"]
[WhiteElo "2511"]
[BlackElo "2629"]
[Result "1/2-1/2"]
[Round "10"]
[TimeControl "900+10"]
[Date "2021.12.28"]
[WhiteClock "0:01:37"]
[BlackClock "0:01:19"]

1. e4 e5 2. Nf3 Nc6 3. Bb5 Nf6 4. O-O Nxe4 5. Re1 Nd6 6. Nxe5 Be7 7. Bf1 Nxe5 8. Rxe5 O-O 9. d4 Bf6 10. Re1 Re8 11. c3 Rxe1 12. Qxe1 Ne8 13. Bf4 d5 14. Bd3 g6 15. Nd2 Ng7 16. Qe3 Bf5 17. Nf3 c6 18. Re1 Bxd3 19. Qxd3 Qd7 20. Be5 Bxe5 21. Nxe5 Qe6 22. Qd2 Re8 23. h3 f6 24. Nd3 Qf5 25. Rxe8+ Nxe8 26. Qe3 Kf7 27. g4 Qe4 28. Qxe4 dxe4 29. Nc5 Nd6 30. f3 exf3 31. Kf2 b6 32. Nd3 Ke6 33. Kxf3 g5 34. Ke3 Nc4+ 35. Ke4 Nd6+ 36. Ke3 a5 37. b3 h6 38. c4 b5 39. Nc5+ Ke7 40. Ne4 f5 41. Nxd6 f4+ 42. Ke4 Kxd6 43. a4 bxc4 44. bxc4 Ke6 45. Kf3 Kd6 46. Ke4 1/2-1/2


[Site "http://www.Chess.com"]

[Event "FIDE World Rapid Chess Championship 2021"]
[White "Dreev, Aleksey"]
[Black "Klekowski, Maciej"]
[WhiteFideId "4100107"]
[BlackFideId "1132717"]
[WhiteElo "2621"]
[BlackElo "2528"]
[Result "1-0"]
[Round "10"]
[TimeControl "900+10"]
[Date "2021.12.28"]
[WhiteClock "0:00:36"]
[BlackClock "0:00:10"]

1. d4 Nf6 2. c4 e6 3. Nc3 Bb4 4. Qc2 d5 5. a3 Bxc3+ 6. Qxc3 dxc4 7. Qxc4 O-O 8. Bf4 Nd5 9. Bg3 b6 10. e4 Ba6 11. Qc2 Bxf1 12. Kxf1 Nf6 13. Ne2 c5 14. Rd1 Nbd7 15. f3 Qc8 16. Nc3 cxd4 17. Rxd4 e5 18. Rd1 Re8 19. Bf2 b5 20. Qe2 a6 21. g3 Nf8 22. Kg2 Ne6 23. Rd2 Rb8 24. Rc1 h6 25. Na2 Qb7 26. Nb4 Rbc8 27. Rdc2 Rxc2 28. Qxc2 Qd7 29. Rd1 Rc8 30. Rxd7 Rxc2 31. Ra7 Rxb2 32. Nd3 Rd2 33. Nxe5 Nc5 34. Kf1 Nd3 35. Be3 Nxe5 36. Bxd2 Nxf3 37. Bb4 Nxe4 38. Kg2 Nd4 39. Rxa6 f5 40. Ra7 g6 41. Rd7 Nc2 42. Kf3 g5 43. Ke2 Nf6 44. Rb7 Nd5 45. Bc5 Na1 46. Kd3 f4 47. Rxb5 Nc7 48. Rb8+ 1-0


[Site "http://www.Chess.com"]

[Event "FIDE World Rapid Chess Championship 2021"]
[White "Nihal, Sarin"]
[Black "Erdos, Viktor"]
[WhiteFideId "25092340"]
[BlackFideId "719978"]
[WhiteElo "2500"]
[BlackElo "2601"]
[Result "1-0"]
[Round "10"]
[TimeControl "900+10"]
[Date "2021.12.28"]
[WhiteClock "0:01:16"]
[BlackClock "0:00:46"]

1. e4 e5 2. Nf3 Nc6 3. Bc4 Nf6 4. d3 Be7 5. O-O O-O 6. a4 a5 7. h3 d6 8. c3 Be6 9. Bxe6 fxe6 10. Be3 h6 11. Nbd2 d5 12. Qb3 Qd7 13. d4 exd4 14. Nxd4 Nxd4 15. Bxd4 c5 16. Bxf6 c4 17. Qd1 Rxf6 18. exd5 exd5 19. Nxc4 Bc5 20. Ne5 Qd6 21. Ng4 Rf4 22. Qb3 Raf8 23. Rad1 R8f5 24. Rd3 Qb6 25. Qxb6 Bxb6 26. b3 d4 27. cxd4 Bxd4 28. g3 Re4 29. Kg2 Bc5 30. f4 Re2+ 31. Kf3 Rb2 32. Ne5 b6 33. Kg4 Rf6 34. h4 g6 35. Rfd1 Be7 36. Rd7 h5+ 37. Kg5 Re6+ 38. Rxe7 Rxe7 39. Kf6 Rg7 40. Rd8+ Kh7 41. Nf3 Rg8 42. Ng5+ Kh8 43. Rd7 Rc8 44. Rh7+ Kg8 45. Rg7+ Kf8 46. Ne6+ Ke8 47. Re7# 1-0


[Site "http://www.Chess.com"]

[Event "FIDE World Rapid Chess Championship 2021"]
[White "Costachi, Mihnea"]
[Black "Quparadze, Giga"]
[WhiteFideId "1217518"]
[BlackFideId "13602250"]
[WhiteElo "2443"]
[BlackElo "2583"]
[Result "0-1"]
[Round "10"]
[TimeControl "900+10"]
[Date "2021.12.28"]
[WhiteClock "0:00:32"]
[BlackClock "0:05:18"]

1. d4 Nf6 2. c4 e6 3. Nf3 Bb4+ 4. Bd2 a5 5. g3 d5 6. Bg2 O-O 7. O-O Be7 8. Qc2 c6 9. Bf4 Nbd7 10. b3 b6 11. Nc3 Ba6 12. Nd2 b5 13. e4 Rc8 14. Rfe1 bxc4 15. bxc4 dxc4 16. Na4 Bb4 17. Red1 Qe7 18. Nxc4 Bxc4 19. Qxc4 e5 20. dxe5 Nxe5 21. Qc2 Ng6 22. Be3 Rfe8 23. Bc5 Bxc5 24. Nxc5 h5 25. Rab1 Rb8 26. Rxb8 Rxb8 27. Nb3 Qa3 28. Rd2 a4 29. Nc5 Ne5 30. Nd3 Nfd7 31. h3 h4 32. gxh4 Qe7 33. f4 Ng6 34. Qxc6 Nxh4 35. Nf2 Ne5 36. Qc3 Neg6 37. Qg3 Qc7 38. e5 Qc1+ 39. Rd1 Qxf4 40. Qxf4 Nxf4 41. Bc6 a3 42. Kh2 Rb2 43. Rd8+ Kh7 44. Kg3 g5 45. Be4+ Kg7 46. Ra8 Rxa2 47. Nd3 Nxd3 48. Bxd3 Rg2# 0-1


[Site "http://www.Chess.com"]

[Event "FIDE World Rapid Chess Championship 2021"]
[White "Alonso Rosell, Alvar"]
[Black "Petrosyan, Manuel"]
[WhiteFideId "2270544"]
[BlackFideId "13300857"]
[WhiteElo "2571"]
[BlackElo "2514"]
[Result "0-1"]
[Round "10"]
[TimeControl "900+10"]
[Date "2021.12.28"]
[WhiteClock "0:00:21"]
[BlackClock "0:00:41"]

1. d4 Nf6 2. Bf4 g6 3. c3 Bg7 4. Nd2 d5 5. e3 O-O 6. Ngf3 b6 7. Be2 c5 8. O-O Nc6 9. Ne5 Bb7 10. Bf3 Nxe5 11. Bxe5 Nd7 12. Bxg7 Kxg7 13. b4 Qc7 14. bxc5 bxc5 15. Qb3 e6 16. Qa3 a5 17. Rab1 Ba6 18. Rfc1 Bd3 19. Ra1 c4 20. e4 Nf6 21. Re1 Qf4 22. Qc1 dxe4 23. Nxe4 Qxc1 24. Raxc1 Nxe4 25. Bxe4 Bxe4 26. Rxe4 Rfb8 27. Re5 Rb2 28. a3 Ra2 29. Rc5 Rxa3 30. Rxc4 a4 31. Rb4 Ra2 32. Kf1 a3 33. Ke1 Kf6 34. c4 Rb2 35. Rb5 Ra4 36. Ra1 Rxc4 37. Ra5 Rcc2 38. R5xa3 Re2+ 0-1


[Site "http://www.Chess.com"]

[Event "FIDE World Rapid Chess Championship 2021"]
[White "Kantor, Gergely"]
[Black "Theodorou, Nikolas"]
[WhiteFideId "751499"]
[BlackFideId "4262875"]
[WhiteElo "2454"]
[BlackElo "2559"]
[Result "0-1"]
[Round "10"]
[TimeControl "900+10"]
[Date "2021.12.28"]
[WhiteClock "0:00:34"]
[BlackClock "0:02:11"]

1. d4 Nf6 2. c4 g6 3. Nc3 Bg7 4. e4 d6 5. Nge2 Nbd7 6. f3 O-O 7. Be3 a6 8. Qd2 b5 9. cxb5 axb5 10. Nxb5 c6 11. Nbc3 e5 12. Ng3 d5 13. exd5 Nxd5 14. Nxd5 cxd5 15. Be2 Qf6 16. dxe5 Nxe5 17. Qxd5 Ba6 18. O-O Bxe2 19. Nxe2 Qa6 20. Ng3 Nc4 21. Bg5 h6 22. Rac1 Nb6 23. Qd2 hxg5 24. Qxg5 Qxa2 25. Rc6 Qxb2 26. Ne4 Ra1 27. Nf6+ Bxf6 28. Qxf6 Rxf1+ 29. Kxf1 Qb1+ 30. Kf2 Re8 31. Kg3 Nd5 32. Qg5 Qe1+ 33. Kh3 Kg7 34. Rd6 Rh8+ 35. Kg4 f5+ 0-1


[Site "http://www.Chess.com"]

[Event "FIDE World Rapid Chess Championship 2021"]
[White "Mikhalevski, Victor"]
[Black "Kozak, Adam"]
[WhiteFideId "2801914"]
[BlackFideId "753246"]
[WhiteElo "2366"]
[BlackElo "2552"]
[Result "0-1"]
[Round "10"]
[TimeControl "900+10"]
[Date "2021.12.28"]
[WhiteClock "0:00:11"]
[BlackClock "0:00:39"]

1. d4 Nf6 2. c4 e6 3. Nf3 d5 4. g3 Bb4+ 5. Nbd2 O-O 6. Bg2 dxc4 7. O-O b5 8. a3 Be7 9. Ne5 Nd5 10. b3 Bb7 11. bxc4 Nc3 12. Qe1 Bxg2 13. Kxg2 bxc4 14. Ndxc4 Qxd4 15. Be3 Qd5+ 16. f3 Na4 17. Qb1 Nb6 18. Qc2 Nxc4 19. Nxc4 Nd7 20. Rfd1 Qc6 21. Rac1 Nb6 22. Qb3 Nxc4 23. Rxc4 Qa6 24. Ra4 Qxe2+ 25. Bf2 Bc5 26. Rf1 Bxf2 27. Rxf2 Qe5 28. Ra6 c5 29. Qc4 Rfc8 30. Rd2 g6 31. Ra5 Rc7 32. Rb5 Rac8 33. a4 Qe3 34. Re2 Qd4 35. Rc2 Qa1 36. Rd2 Qe1 37. Rbb2 h5 38. Qc3 Qa1 39. a5 Qa4 40. Qf6 Qe8 41. Rd1 c4 42. Rbd2 Re7 43. Qc3 e5 44. Kh3 Qc6 45. Rd6 Qe8 46. R6d5 Kh7 47. R1d2 Qh8 48. Rd7 Qf6 49. R7d6 Qf5+ 50. Kg2 Rb7 51. R6d5 Rb3 52. Qxe5 Qxf3+ 53. Kh3 Qg4+ 54. Kg2 Qf3+ 55. Kh3 Re3 56. Qd6 Qf1+ 57. Rg2 Re2 0-1


[Site "http://www.Chess.com"]

[Event "FIDE World Rapid Chess Championship 2021"]
[White "Shoker, Samy"]
[Black "Dziuba, Marcin"]
[WhiteFideId "627143"]
[BlackFideId "1112953"]
[WhiteElo "2550"]
[BlackElo "2424"]
[Result "1-0"]
[Round "10"]
[TimeControl "900+10"]
[Date "2021.12.28"]
[WhiteClock "0:04:07"]
[BlackClock "0:00:15"]

1. Nf3 d5 2. g3 c5 3. Bg2 Nf6 4. O-O g6 5. c4 Bg7 6. cxd5 Nxd5 7. Nc3 Nc6 8. Nxd5 Qxd5 9. d3 O-O 10. Be3 Bd7 11. d4 Rfd8 12. Ne5 Qd6 13. Nxc6 Bxc6 14. dxc5 Qe5 15. Qc2 Qxb2 16. Qxb2 Bxb2 17. Rab1 Bd4 18. Rxb7 Bxb7 19. Bxb7 Bxe3 20. fxe3 Rac8 21. Bxc8 Rxc8 22. Rc1 Kg7 23. e4 Kf6 24. Kf2 Ke5 25. Ke3 Rc6 26. Kd3 a6 27. a4 g5 28. Rf1 f6 29. Rf5+ Ke6 30. Kc4 Kd7 31. e5 Re6 32. Kd5 Rc6 33. Kd4 Re6 34. e4 h6 35. exf6 exf6 36. Kd5 Rc6 37. e5 fxe5 38. Rf7+ Ke8 39. Kxc6 Kxf7 40. Kd5 Kf6 41. c6 Ke7 42. Kxe5 Kd8 43. g4 Kc7 44. Kd5 a5 45. Kc5 Kc8 46. Kb6 1-0


[Site "http://www.Chess.com"]

[Event "FIDE World Rapid Chess Championship 2021"]
[White "Piorun, Kacper"]
[Black "Vastrukhin, Oleg"]
[WhiteFideId "1130420"]
[BlackFideId "4192770"]
[WhiteElo "2547"]
[BlackElo "2382"]
[Result "1-0"]
[Round "10"]
[TimeControl "900+10"]
[Date "2021.12.28"]
[WhiteClock "0:00:54"]
[BlackClock "0:00:21"]

1. e4 e6 2. d4 d5 3. e5 c5 4. c3 Nc6 5. Nf3 Bd7 6. Bd3 Qb6 7. O-O cxd4 8. Re1 Nge7 9. h4 Nf5 10. Bxf5 exf5 11. cxd4 Be6 12. Nc3 h6 13. Ne2 Be7 14. h5 O-O 15. Rb1 Rfc8 16. Nf4 a5 17. Kh1 Nb4 18. Nxe6 fxe6 19. Rg1 Qb5 20. g4 Qd3 21. Qxd3 Nxd3 22. gxf5 Nxf2+ 23. Kh2 exf5 24. Rg2 Ng4+ 25. Kg3 Kf7 26. Bf4 Rc4 27. Rd1 Rac8 28. Ne1 b5 29. Re2 Ke6 30. Rd3 a4 31. b3 axb3 32. axb3 R4c6 33. Ra2 g5 34. hxg6 Rg8 35. Kf3 Rxg6 36. Ng2 b4 37. Bg3 Bg5 38. Ra4 Rc3 39. Rxc3 bxc3 40. Ra6+ Kf7 41. Ra7+ Ke8 42. Rc7 Bd2 43. Nf4 Rb6 44. Nxd5 Rxb3 45. Ke2 Bg5 46. e6 Kf8 47. e7+ Kf7 48. Rc8 Bxe7 49. Rc7 c2 50. Rxe7+ Kg8 51. Bf4 Rb5 52. Rd7 Rb1 53. Rc7 Rd1 54. Ne7+ Kf7 55. Nxf5+ Kf6 56. Rc5 h5 57. Bd2 Rh1 58. Ne3 Rh2+ 59. Kd3 Nf2+ 60. Kxc2 Ne4 61. Rc6+ Ke7 62. Nc4 h4 63. Kd3 Nf2+ 64. Ke3 h3 65. Bb4+ Ke8 66. Ne5 Kd8 67. Ba5+ Ke7 68. Rh6 Nd1+ 69. Ke4 Re2+ 70. Kd3 Rb2 71. d5 h2 72. d6+ Kf8 73. d7 Nf2+ 74. Kc4 1-0


[Site "http://www.Chess.com"]

[Event "FIDE World Rapid Chess Championship 2021"]
[White "Indjic, Aleksandar"]
[Black "Holm, Kristian Stuvik"]
[WhiteFideId "911925"]
[BlackFideId "1508083"]
[WhiteElo "2544"]
[BlackElo "2409"]
[Result "1/2-1/2"]
[Round "10"]
[TimeControl "900+10"]
[Date "2021.12.28"]
[WhiteClock "0:00:24"]
[BlackClock "0:01:05"]

1. d4 Nf6 2. Nf3 d5 3. Bf4 e6 4. e3 c5 5. Nbd2 Qb6 6. Rb1 Bd6 7. dxc5 Qxc5 8. c4 Bxf4 9. exf4 O-O 10. Be2 Rd8 11. O-O dxc4 12. Bxc4 Nc6 13. Rc1 Qb4 14. Qb3 Bd7 15. a3 Qxb3 16. Nxb3 Be8 17. g3 Rac8 18. Be2 Kf8 19. Nc5 b6 20. Nb3 Nd5 21. Ba6 Rb8 22. Be2 Rbc8 23. Rfd1 Nb8 24. Nbd4 Nc6 25. Kf1 Nxd4 26. Rxc8 Rxc8 27. Nxd4 Ba4 28. Rd2 Nf6 29. Bf3 Ke7 30. Ke2 h6 31. h4 Rc1 32. g4 Rc5 33. b4 Rc3 34. Rd3 Rxd3 35. Kxd3 Kd6 36. Kc4 Bd7 37. g5 Ne8 38. Kd3 Ke7 39. Bc6 Nd6 40. a4 a6 41. a5 bxa5 42. bxa5 Kd8 43. Bf3 Kc7 44. Kc3 Nb5+ 45. Nxb5+ Bxb5 46. Bh5 f6 47. Kd4 Kd6 48. Bd1 Bf1 49. Bb3 Be2 50. Ke4 Bb5 51. Kd4 Be2 52. Bc2 Bb5 53. Be4 Be2 54. Bb7 Bb5 55. Bf3 Bf1 56. Bd1 Bb5 57. Bb3 Be2 58. Ba2 Bf1 59. Ke4 1/2-1/2


[Site "http://www.Chess.com"]

[Event "FIDE World Rapid Chess Championship 2021"]
[White "Martirosyan, Haik M."]
[Black "Bartel, Mateusz"]
[WhiteFideId "13306553"]
[BlackFideId "1112635"]
[WhiteElo "2377"]
[BlackElo "2543"]
[Result "1-0"]
[Round "10"]
[TimeControl "900+10"]
[Date "2021.12.28"]
[WhiteClock "0:00:20"]
[BlackClock "0:02:14"]

1. d4 d5 2. c4 e6 3. Nf3 Nf6 4. Nc3 Nbd7 5. cxd5 exd5 6. Bg5 c6 7. Qc2 Be7 8. e3 Nh5 9. Bxe7 Qxe7 10. O-O-O Nb6 11. Bd3 Be6 12. Kb1 O-O-O 13. Rc1 Kb8 14. Na4 Nf6 15. Nc5 Bc8 16. Qb3 Nfd7 17. Rc3 Ka8 18. Rhc1 g5 19. Qc2 g4 20. Nd2 Nxc5 21. Rxc5 h5 22. a4 Nd7 23. Rc3 Nb8 24. a5 a6 25. Nb3 Qc7 26. g3 h4 27. Qd2 hxg3 28. hxg3 Rh2 29. R3c2 Rd6 30. Nc5 Rf6 31. Qe1 Bf5 32. Bxf5 Rxf5 33. Nd3 Rfh5 34. Nf4 Rg5 35. Qb4 Rh8 36. Rc3 Rc8 37. Rb3 Re8 38. Rh1 Nd7 39. Rh6 Rf5 40. Rc3 Nf6 41. Rxf6 Rxf6 42. Nxd5 Qd8 43. Rb3 b5 44. Nxf6 Qxf6 45. Qc5 Rh8 46. Rc3 Rh1+ 47. Ka2 Qe6+ 48. b3 Rf1 49. Rc2 Qd5 50. Qb6 Qh1 51. Qxa6+ Kb8 52. Qb6+ Ka8 53. Qxc6+ Qxc6 54. Rxc6 Rxf2+ 55. Ka3 Rf3 56. Kb4 Rxg3 57. Kxb5 Rxe3 58. b4 g3 59. Rc8+ Kb7 60. Rg8 f5 61. a6+ Ka7 62. Rg7+ Ka8 63. d5 f4 64. d6 Re8 65. d7 Rf8 66. Kc6 f3 67. Rxg3 Ka7 68. Rxf3 Rc8+ 1-0


[Site "http://www.Chess.com"]